 Dungeon Crawl Stone Soup version 0.28-a0-1387-g3a22ab9bdc (webtiles) character file.

Game seed: 4518984002432650170

380 funkygono the Firebug (level 7, -5/48 HPs)
             Began as a Human Fire Elementalist on Jan 2, 2022.
             Slain by a hornet (10 damage)
             ... on level 4 of the Dungeon.
             The game lasted 00:10:21 (4494 turns).

funkygono the Firebug (Human Fire Elementalist)     Turns: 4494, Time: 00:10:22

Health: -5/48      AC:  7    Str:  8    XL:     7   Next: 4%
Magic:  11/13      EV: 12    Int: 18    God:
Gold:   128        SH:  0    Dex: 13    Spells: 4/14 levels left

rFire   + . .      SeeInvis .   j - +0 falchion
rCold   . . .      Faith    .   (no shield)
rNeg    . . .      Spirit   .   o - +1 robe {rF+}
rPois   .          Reflect  .   k - +0 helmet
rElec   .          Harm     .   (no cloak)
rCorr   .          Rampage  .   m - +2 pair of gloves
Will    .....                   (no boots)
Stlth   ++........              (no amulet)
HPRegen 0.16/turn               (no ring)
MPRegen 0.13/turn               (no ring)

@: lethally poisoned (-5 -> -10), slowed, very slow
A: no striking features
a: no special abilities


You were on level 4 of the Dungeon.
You visited 1 branch of the dungeon, and saw 4 of its levels.

You collected 128 gold pieces.

Inventory:

Hand Weapons
 f - a +0 dagger
 j - a +0 falchion (weapon)
Missiles
 d - a throwing net
 g - 123 stones
Armour
 k - a +0 helmet (worn)
 m - a +2 pair of gloves (worn)
 o - a +1 robe of fire resistance (worn)
Wands
 i - a wand of flame (28)
Scrolls
 b - 2 scrolls of teleportation
Potions
 c - a potion of haste {unknown}
 l - a potion of curing {unknown}
 n - a potion of attraction {unknown}


   Skills:
 + Level 1.5 Fighting
 + Level 0.1 Long Blades
 + Level 2.3 Dodging
 - Level 2.0 Stealth
 * Level 4.0 Spellcasting
 * Level 3.3 Conjurations
 * Level 4.5 Fire Magic


You had 4 spell levels left.
You knew the following spells:

 Your Spells              Type           Power      Damage    Failure   Level
a - Foxfire               Conj/Fire      68%        2x1d7     3%          1
b - Scorch                Fire           38%        2d7       3%          2
c - Conjure Flame         Conj/Fire      17%        6-21      9%          3
d - Flame Wave            Conj/Fire      17%        2d5       28%         4

Your spell library contained the following spells:

 Spells                   Type           Power      Damage    Failure   Level
 Inner Flame              Hex/Fire       11%        N/A       17%         3
 Ignite Poison            Fire/Tmut/Pois 9%         N/A       24%         3
 Mephitic Cloud           Conj/Pois/Air  7%         N/A       28%         3
 Freezing Cloud           Conj/Ice/Air   3%         6-21      95%         5


Dungeon Overview and Level Annotations

Branches:
Dungeon (4/15)
 Temple: D:4-7

Altars:
Hepliaklqana
Trog

Shops:
D:2 (


Message History

The hornet stings you but does no damage.
Casting: Scorch (safe; 3% risk of failure)
Confirm with . or Enter, or press ? or * to list all spells.
You conjure some foxfire!
The hornet closely misses you. The hornet stings you.
* * * LOW HITPOINT WARNING * * *
You feel as though you will be slow longer.
Your magical contamination has completely faded away.
Casting: Foxfire (safe; 3% risk of failure)
Confirm with . or Enter, or press ? or * to list all spells.
You don't have enough magic to cast this spell.
You feel much better.
The hornet is no longer more vulnerable to fire.
The foxfire hits the hornet.
The hornet is heavily wounded.
The foxfire hits the hornet.
The hornet is heavily wounded.
The hornet stings you.
You are poisoned.
You feel as though you will be slow longer.
The hornet closely misses you. The hornet stings you!
* * * LOW HITPOINT WARNING * * *
You feel as though you will be slow longer.
Okay, then.
Unknown command.
Magic courses through your body.
* * * LOW HITPOINT WARNING * * *
You feel very sick.
The hornet stings you but does no damage.
The hornet barely misses you.
A goblin comes into view. It is wielding a +0 club.
Unknown command.
Casting: Foxfire (safe; 3% risk of failure)
Confirm with . or Enter, or press ? or * to list all spells.
Flames lash the hornet.
The hornet is severely wounded.
The hornet's fire resistance burns away.
The goblin shouts!
* * * LOW HITPOINT WARNING * * *
You feel sick. The hornet barely misses you. The hornet stings you!
You die...

... #... #....
## ... #. ...
. .##.# ...
#...#
.....##<#
#....@#
#<...y#
#......
..........
...........
............
.............
.........g....


You could see a hornet (combustible) and a goblin.

Vanquished Creatures
  Sigmund (D:3)
  A hound (D:3)
  Robin (D:2)
  7 gnolls
  3 worms
  2 dart slugs
  13 orcs (D:3)
  A ball python (D:3)
  A bat (D:2)
  6 endoplasms
  A giant cockroach (D:3)
  10 goblins
  7 hobgoblins
  6 jackals
  3 quokkas
  5 kobolds
  5 rats
73 creatures vanquished.

Vanquished Creatures (others)
  287 foxfires
287 creatures vanquished.

Grand Total: 360 creatures vanquished

Notes
Turn   | Place    | Note
-------+----------+-------------------------------------------
     0 | D:1      | funkygono the Human Fire Elementalist began the quest for
                  | the Orb.
     0 | D:1      | Reached XP level 1. HP: 13/13 MP: 3/3
   269 | D:1      | Reached XP level 2. HP: 17/19 MP: 0/5
   423 | D:1      | Learned a level 2 spell: Scorch
   659 | D:1      | Reached XP level 3. HP: 18/24 MP: 0/6
   804 | D:1      | Found a faded altar of an unknown god.
  1273 | D:2      | Reached skill level 1 in Fighting
  1276 | D:2      | Reached XP level 4. HP: 10/32 MP: 0/7
  1624 | D:2      | Found a bloodstained altar of Trog.
  1793 | D:2      | Found Joyf's Weapon Shop.
  1821 | D:2      | Noticed Robin
  1916 | D:2      | Killed Robin
  2273 | D:2      | Reached XP level 5. HP: 37/37 MP: 1/9
  2840 | D:2      | Learned a level 4 spell: Flame Wave
  3527 | D:3      | Reached XP level 6. HP: 43/43 MP: 4/10
  3781 | D:3      | Noticed Sigmund
  4050 | D:3      | Found a hazy altar of Hepliaklqana.
  4313 | D:3      | Killed Sigmund
  4314 | D:3      | Reached XP level 7. HP: 28/48 MP: 9/13
  4363 | D:3      | Learned a level 3 spell: Conjure Flame
  4480 | D:4      | Noticed a hornet
  4494 | D:4      | Slain by a hornet

Illustrated notes

Levels and vault maps discovered:
D:1:      co_arrival_square_in_a_square_in_a_square, layout_basic,
          hellmonk_ecumenical_altar_arch_garden, chequers_decorated_corner,
          bh_walls_and_bars
D:2:      layout_loops_cross, serial_shops, nicolae_shop_trees, basic_altar,
          kennysheep_generic_room_8, uniq_robin
D:3:      layout_basic, nicolae_hepliaklqana_hippocampus, st_stairs_6,
          uniq_sigmund
D:4:      layout_rooms, evilmike_ruin_ashenzari

Skill      XL: |  1  2  3  4  5  6 |
---------------+-------------------+-----
Fighting       | 1 |  1.5
Conjurations   | 2 3 |  3.3
Spellcasting   | 3 4 |  4.0
Fire Magic     | 4 |  4.5
Long Blades    | |  0.1
Dodging        | |  2.3
Stealth        | |  2.0

Action                   |  1- 3 |  4- 6 |  7- 9 || total
-------------------------+-------+-------+-------++-------
Melee: Unarmed           |    13 |    16 |       ||    29
       Dagger            |     3 |    13 |       ||    16
       Falchion          |       |     4 |       ||     4
 Cast: Foxfire           |    43 |   121 |     6 ||   170
       Scorch            |     1 |    13 |     4 ||    18
  Use: Scroll            |     3 |     2 |       ||     5
       Potion            |       |     1 |     2 ||     3
Armor: Robe              |     3 |     4 |     2 ||     9
       Skin              |       |     3 |       ||     3
Dodge: Dodged            |    19 |    41 |     7 ||    67

Table legend: (Time is in decaauts)
 A = Elapsed time spent in this place.
 B = Non-inter-level travel time spent in this place.
 C = Inter-level travel time spent in this place.
 D = Time resting spent in this place.
 E = Time spent auto-exploring this place.
 F = Levels seen in this place.
 G = Mean time per level.
                   A        B        C        D        E       F      G
               +--------+--------+--------+--------+--------+-----+--------+
         Total |   4482 |   4402 |     80 |    323 |   3299 |   4 | 1120.5 |
       Dungeon |   4482 |   4402 |     80 |    323 |   3299 |   4 | 1120.5 |
               +--------+--------+--------+--------+--------+-----+--------+

Top non-repeatable levels by time:
     D:3: 1613 daAuts
     D:1: 1544 daAuts
     D:2: 1307 daAuts
     D:4: 16 daAuts
